AoeStats
← El Fantasma de Pancho Villa

African Clearing

506587751Analyzed
4v4 RM · 19d ago on Sep 14, 2026· 33m 55s· 8 players
Game mode
Random Map
Map size
Large (8 player)
Population
200
Speed
Normal
Resources
Standard
Victory
Conquest
Starting age
Dark Age
Ending age
Imperial Age
RankedLock teamsTeams togetherTeam positionsShared explorationLock speedFull tech treeHidden civsTurbo modeCheats
Victory
Defeat
🇯🇵 Bengalis · Japan
1110
+15
🇵🇪 Magyars · Peru
1106
+15
🇭🇰 Persians · Hong Kong SAR China
1098
+16
🇮🇳 Teutons · India
1096
+16
🇺🇸 Maya · United States
1106
-16
🇹🇷 Saracens · Türkiye
1095
-16
🇷🇪 Romans · Réunion
1091
-15
🇳🇿 Turks · New Zealand
1075
-15
El Fantasma de Pancho Villa
6:23 Loom
13:43 Feudal Age
17:55 Castle Age
17:33 Double-Bit Axe
19:03 Wheelbarrow
18:41 Stone Mining
31:38 Fletching
31:52 Padded Archer Armor
hknarsln
18:03 Feudal Age
20:01 Double-Bit Axe
24:51 Castle Age
22:54 Fishing Lines
26:59 Wheelbarrow
31:12 Bow Saw
31:19 Horse Collar
31:35 Loom
33:34 Scale Barding Armor
33:45 Bloodlines
crispyburrito
10:21 Loom
12:32 Feudal Age
13:28 Horse Collar
17:22 Forging
17:18 Scale Barding Armor
22:05 Castle Age
25:56 Padded Archer Armor
26:34 Wheelbarrow
27:41 Gold Mining
raphael-974-
2:43 Loom
14:10 Feudal Age
15:49 Wheelbarrow
18:19 Castle Age
19:55 Hand Cart
20:49 Double-Bit Axe
22:57 Hand Cart
22:27 Town Watch
25:44 Bow Saw
26:23 Scale Mail Armor
26:33 Forging
26:44 Horse Collar
28:21 Heavy Plow
30:28 Chain Mail Armor
30:50 Iron Casting
32:16 Pikeman
32:57 Squires
11++
4:06 Loom
13:29 Feudal Age
17:35 Bloodlines
18:51 Scale Barding Armor
22:57 Castle Age
22:53 Fletching
23:03 Padded Archer Armor
23:00 Elite Skirmisher
23:47 Bodkin Arrow
25:12 Leather Archer Armor
29:21 Horse Collar
29:33 Double-Bit Axe
35:03 Wheelbarrow
168kcal
5:18 Loom
14:21 Feudal Age
15:42 Double-Bit Axe
22:04 Castle Age
20:57 Wheelbarrow
20:06 Horse Collar
20:18 Gold Mining
20:21 Stone Mining
20:46 Fletching
32:25 Padded Archer Armor
32:58 Bloodlines
宝宝巴士7716
7:05 Loom
13:58 Feudal Age
18:09 Castle Age
16:19 Double-Bit Axe
19:00 Wheelbarrow
19:34 Bow Saw
20:49 Gold Mining
21:07 Horse Collar
26:18 Scale Barding Armor
27:48 Heavy Plow
28:04 Bloodlines
27:54 Husbandry
30:05 Chain Barding Armor
29:59 Forging
34:42 Imperial Age
32:43 Husbandry
33:18 Town Watch
34:59 Iron Casting
Lifehack
10:36 Loom
13:52 Feudal Age
14:43 Double-Bit Axe
20:34 Horse Collar
23:53 Castle Age
23:40 Bloodlines
24:00 Forging
25:39 Bow Saw
25:51 Scale Barding Armor
31:56 Wheelbarrow
32:13 Chain Barding Armor
32:18 Fishing Lines
32:57 Gold Mining
34:29 Hand Cart
Connection lost

Rejoining the realm…

Still unreachable

The connection could not be restored.

Session expired

The server has moved on; the page needs a fresh start.